 Dungeon Crawl Stone Soup version 0.25-a0-479-g8579842fd4 (webtiles) character file.

Game seed: 11584872988067281954, levelgen mode: deterministic

73137 Gargoyl the Carver (level 15, -4/125 HPs)
             Began as a Centaur Abyssal Knight on Feb 7, 2020.
             Was an Elder of Lugonu.
             Killed from afar by Roxanne (70 damage)
             ... with a crystal spear
             ... on level 14 of the Dungeon on Feb 9, 2020.
             The game lasted 00:41:19 (27119 turns).

Gargoyl the Carver (Centaur Abyssal Knight)        Turns: 27119, Time: 00:41:19

Health: -4/125     AC: 27    Str: 27    XL:     15   Next: 3%
Magic:  24/24      EV:  9    Int: 11    God:    Lugonu [****..]
Gold:   1646       SH:  4    Dex: 18    Spells: 14/14 levels left

rFire    + + .     SeeInvis .   N - +9 long sword "Arbiter" {drain, Dex+3 Stlth+}
rCold    + . .     Gourm    .   l - +0 buckler
rNeg     . . .     Faith    .   D - +8 plate armour of Distant Worlds {-Cast Str+4 Dex+5}
rPois    .         Spirit   .   b - +2 helmet
rElec    .         Reflect  .   R - scarf {rC+ rF+}
rCorr    .         Harm     .   G - +2 pair of gloves
MR       +....     NoCast   +   (no barding)
Stlth    ..........             T - amulet of regeneration
HPRegen  0.00/turn              e - +4 ring of slaying
MPRegen  0.19/turn              S - ring of Roskicuj {rF+ Str+3 Slay+3}

@: drained, very quick
A: large, hooves 3, deformed body, speed 2, inhibited regeneration, tough skin
3, wild magic 1, evolution 1
a: Depart the Abyss, Bend Space, Banish, Corrupt, Renounce Religion


You were on level 14 of the Dungeon.
You worshipped Lugonu.
Lugonu was greatly pleased with you.
You were hungry.

You visited 2 branches of the dungeon, and saw 20 of its levels.
You visited the Abyss 2 times.
You also visited: Gauntlet and Volcano.

You collected 2023 gold pieces.
You spent 377 gold pieces at shops.

Inventory:

Hand Weapons
 a - a +1 hand axe
 f - a +4 hand axe of freezing
 n - a +3 long sword of protection
 N - the +9 long sword "Arbiter" (weapon) {drain, Dex+3 Stlth+}
   (You found it on level 5 of the Lair of Beasts)

   A truly terrible weapon, it drains the life of those it strikes.
   It affects your dexterity (+3).
   It makes you more stealthy.
Missiles
 k - 26 javelins (quivered)
Armour
 b - a +2 helmet (worn)
 l - a +0 buckler (worn)
 p - a +3 chain mail of fire resistance
 D - the +8 plate armour of Distant Worlds (worn) {-Cast Str+4 Dex+5}
   (You found it on level 8 of the Dungeon)

   It affects your strength (+4).
   It affects your dexterity (+5).
   It prevents spellcasting.
   If you remove this armour, your AC will fall 18 points (27 -> 9)
 G - a +2 pair of gloves (worn)
 R - a scarf of resistance (worn)
Jewellery
 e - a +4 ring of slaying (left hand)
 H - a +3 amulet of reflection {unknown}
 S - the ring of Roskicuj (right hand) {rF+ Str+3 Slay+3}
   (You found it in a Gauntlet)

   [ring of protection from fire]

   It affects your strength (+3).
   It affects your accuracy and damage with ranged weapons and melee attacks
   (+3).
   It protects you from fire.
 T - an amulet of regeneration (around neck)
Wands
 o - a wand of random effects (29)
 r - a wand of polymorph (29)
 z - a wand of clouds (2)
 A - a wand of scattershot (7)
 B - a wand of paralysis (11)
 E - a wand of disintegration (30)
 F - a wand of acid (4)
 I - a wand of flame (49)
 J - a wand of enslavement (11)
 M - a wand of iceblast (15)
Scrolls
 i - 7 scrolls of remove curse
 j - 4 scrolls of enchant armour
 s - a scroll of blinking
 y - 10 scrolls of teleportation
 C - 3 scrolls of magic mapping
 L - 2 scrolls of fear
 O - 3 scrolls of identify
 P - a scroll of silence
 U - a scroll of summoning
Potions
 d - 4 potions of cancellation
 h - a potion of resistance
 m - 5 potions of flight
 q - 2 potions of might
 t - 3 potions of invisibility
 u - 5 potions of ambrosia
 v - a potion of magic
 w - 4 potions of curing
 x - 3 potions of lignification
 K - 2 potions of brilliance
Comestibles
 c - 34 rations


   Skills:
 + Level 9.6(8.9) Fighting
 + Level 12.6(11.8) Long Blades
 + Level 2.2(1.7) Axes
 + Level 2.8(2.2) Throwing
 * Level 11.5(10.7) Armour
 * Level 8.1(7.4) Dodging
 + Level 0.4(0.0) Shields
 * Level 12.4(11.6) Invocations


You had 14 spell levels left.
You didn't know any spells.
Your spell library contained the following spells:

 Spells                   Type           Power        Failure   Level  Hunger
 Animate Skeleton         Necr           N/A          99%         1    ##.....
 Apportation              Tloc           #.....       99%         1    ##.....
 Corona                   Hex            #......      99%         1    ##.....
 Summon Butterflies       Summ           #.......     99%         1    ##.....
 Summon Small Mammal      Summ           #...         99%         1    ##.....
 Ensorcelled Hibernation  Hex/Ice        #.....       100%        2    ###....
 Confusing Touch          Hex            #.......     100%        3    ####...
 Dazzling Flash           Conj/Hex       #.....       100%        3    ####...
 Lesser Beckoning         Tloc           #.........   100%        3    ####...
 Tukima's Dance           Hex            #.......     100%        3    ####...
 Alistair's Intoxication  Tmut/Pois      #.......     100%        5    ######.
 Invisibility             Hex            #.......     100%        6    #######
 Chain Lightning          Conj/Air       #.........   100%        8    #######
 Lehudib's Crystal Spear  Conj/Erth      #.........   100%        8    #######
 Fire Storm               Conj/Fire      #.........   100%        9    #######
 Glaciate                 Conj/Ice       #.........   100%        9    #######


Dungeon Overview and Level Annotations

Branches:
Dungeon (14/15) Temple (0/1) D:5 Lair (6/6) D:11 Swamp (0/4) Lair:4 Snake (0/4) Lair:2 Slime (0/5) Lair:6 Orc (0/2) D:10 Vaults (0/5) D:13 D:14 Volcano (visited) Gauntlet (visited)

Altars:
Ashenzari
Dithmenos
Elyvilon
Fedhas
Makhleb
Nemelex Xobeh
Okawaru
Qazlal
Wu Jian
Xom
Jiyva

Shops:
D:6 !   D:7 =   D:10 }   D:11 :

Portals:
Hell: Lair:6
Trove: D:13 (give 4 potions of resistance)

Annotations:
D:14 Roxanne
Abyss:1 Baz's ghost, journeyman HuAE; Sonja


Innate Abilities, Weirdness & Mutations

You have hooves in place of feet.
Armour fits poorly on your strangely shaped body.
You cover ground very quickly.
You have extremely tough skin. (AC +3)
You do not regenerate when monsters are visible.
Your spells are a little harder to cast, but a little more powerful.
You evolve.


Message History

Roxanne is moderately damaged.
Roxanne casts a spell.
You blink.
You slice Roxanne!! You kick Roxanne.
Roxanne is heavily damaged.
Roxanne says, "At least I didn't end up somewhere with nobody to talk to."
You hit Roxanne. You kick Roxanne.
Roxanne is heavily damaged.
You hit Roxanne but do no damage. You kick Roxanne.
Roxanne is heavily damaged.
You hit Roxanne. You kick Roxanne, but do no damage.
Roxanne is heavily damaged.
You hit Roxanne. You kick Roxanne!
Roxanne is severely damaged.
You slash Roxanne! You kick Roxanne, but do no damage.
Roxanne is severely damaged.
Roxanne mumbles some strange words.
The crystal spear hits you!!!
Ouch! That really hurt!
You die...

######## #......#
#......#
#......###########
#..=.............#
#.......8@.#####...
#.........##
#......####
#......# #....).#
#......# #####'##
#.# #.#


You could see Roxanne.

Vanquished Creatures
  Rupert (D:13)
  Gastronok (D:8)
  A storm dragon (D:12)
  A minotaur (Gauntlet)
  Snorg (D:10)
  Harold (D:8)
  3 two-headed ogres
  A catoblepas (Lair:5)
  A centaur warrior (D:14)
  A death scarab (Gauntlet)
  8 death yaks
  2 alligators (Lair:4)
  A tengu warrior (Gauntlet)
  A sun demon (Lair:6)
  A spectral death yak (Gauntlet)
  An unseen horror (D:11)
  2 swamp dragons (Lair:3)
  A wizard (Lair:6)
  A phantasmal warrior (D:12)
  2 ugly things
  An orc knight (D:13)
  3 cyclopes (D:12)
  A manticore (D:11)
  5 elephants
  A centaur zombie (D:11)
  3 orange demons (Lair:6)
  4 black mambas
  Psyche (D:8)
  A smoke demon (Lair:6)
  11 spiny frogs
  14 komodo dragons
  A rime drake (Lair:6)
  3 ice devils
  A red devil (Lair:6)
  The ghost of Shalupon the Bolt Thrower, a novice KoHu (D:4)
  3 tengu conjurers
  2 polar bears
  3 trolls
  10 blink frogs
  Prince Ribbit (D:6)
  A dream sheep (Lair:6)
  2 spectral dream sheep (Gauntlet)
  6 slime creatures
  14 hippogriffs
  3 hogs (D:7)
  A wraith (D:12)
  3 wyverns
  5 fire bats (Volcano)
  31 yaks
  A vampire (D:11)
  2 hungry ghosts
  17 humans
  3 basilisks
  A vampire mosquito (D:12)
  3 steam dragons (Volcano)
  Menkaure (D:4)
  Edmund (D:6)
  A soldier ant (shapeshifter) (D:13)
  3 swamp worms (Lair:4)
  7 nagas (Lair:2)
  7 hell hounds
  An acid dragon (D:11)
  11 porcupines
  14 water moccasins
  2 ice beasts
  A sky beast (D:11)
  A swamp drake (Lair:4)
  A necrophage (D:10)
  6 orc warriors
  2 black bears
  2 eyes of draining
  4 phantoms
  7 centaurs
  5 ogres
  An ogre (shapeshifter) (D:12)
  5 wolves (Lair:6)
  13 crocodiles
  3 big kobolds
  14 bullfrogs
  A water moccasin skeleton (D:7)
  3 scorpions
  4 killer bees
  7 wights
  2 electric eels (D:8)
  2 howler monkeys
  4 crimson imps
  A quasit (D:6)
  8 hounds
  4 jellies
  2 bullfrog skeletons
  6 orc priests
  3 centaur skeletons
  10 orc wizards
  5 iguanas
  10 worker ants
  2 hound skeletons
  2 worker ant zombies
  2 howler monkey skeletons
  4 gnolls
  11 adders
  5 shadow imps
  2 white imps (Gauntlet)
  2 adder skeletons
  A worm (D:3)
  2 dart slugs
  2 leopard geckos
  59 orcs
  8 bats
  8 giant cockroaches
  9 hobgoblins
  7 jackals
  15 kobolds
  5 quokkas
  2 ball pythons
  2 frilled lizards
  8 goblins
  2 jackal skeletons
  6 rats
  A plant (Gauntlet)
547 creatures vanquished.

Vanquished Creatures (others)
  5 hydras
  A two-headed ogre (D:9)
  A death scarab (Gauntlet)
  A hell hog (Volcano)
  A fire crab (Volcano)
  A kobold demonologist (D:11)
  A troll (D:5)
  A fire bat (Volcano)
  A killer bee (D:7)
  A bush (Lair:6)
  5 fungi
  6 plants
25 creatures vanquished.

Grand Total: 572 creatures vanquished

Notes
Turn   | Place    | Note
-------+----------+-------------------------------------------
     0 | Abyss:1  | Gargoyl the Centaur Abyssal Knight began the quest for the
                  | Orb.
     0 | Abyss:1  | Reached XP level 1. HP: 19/19 MP: 2/2
    14 | Abyss:2  | Noticed a blink frog
    41 | Abyss:2  | Got a transparent scale mail
    52 | Abyss:2  | Identified the +0 scale mail of Weightlessness {*Corrode
                  | Str+2 Stlth+} (You found it on level 2 of the Abyss)
    98 | Abyss:2  | Noticed a small abomination
   116 | Abyss:2  | Noticed an orb spider
   118 | Abyss:2  | Noticed a hell hound
   121 | D:1      | Escaped the Abyss
   313 | D:1      | Reached XP level 2. HP: 20/26 MP: 3/3
   471 | D:1      | Reached * piety under Lugonu
   623 | D:1      | Reached skill level 1 in Dodging
   936 | D:1      | Reached XP level 3. HP: 31/31 MP: 4/4
  1787 | D:2      | Found an iron altar of Okawaru.
  2021 | D:2      | Found a sparkling altar of Nemelex Xobeh.
  2286 | D:3      | Reached XP level 4. HP: 39/39 MP: 5/5
  2487 | D:3      | Reached skill level 1 in Long Blades
  2551 | D:3      | Reached ** piety under Lugonu
  2587 | D:3      | Reached XP level 5. HP: 44/46 MP: 7/7
  2640 | D:3      | Upgraded the game from 0.25-a0-474-ga8a2ee3166 to
                  | 0.25-a0-479-g8579842fd4
  3360 | D:4      | Noticed Menkaure
  3370 | D:4      | Killed Menkaure
  3370 | D:4      | Reached XP level 6. HP: 27/52 MP: 8/8
  3566 | D:4      | Found a runed translucent gate.
  3566 | D:4      | Found a runed translucent gate.
  3566 | D:4      | Found a runed translucent gate.
  3566 | D:4      | Noticed Shalupon's ghost (novice KoHu)
  3594 | D:4      | Killed Shalupon's ghost
  3594 | D:4      | Reached XP level 7. HP: 33/59 MP: 9/9
  3728 | D:4      | Found a stormy altar of Qazlal.
  3874 | D:5      | Entered Level 5 of the Dungeon
  3959 | D:5      | Reached *** piety under Lugonu
  3974 | D:5      | Found a staircase to the Ecumenical Temple.
  4390 | D:5      | Found a white marble altar of Elyvilon.
  4401 | D:5      | Noticed a troll
  4420 | D:5      | HP: 2/59 [troll (11)]
  4426 | D:5      | Banished a troll
  4426 | D:5      | Reached XP level 8. HP: 3/66 MP: 11/11
  5267 | D:6      | Found a white marble altar of Elyvilon.
  5295 | D:6      | Found Voneucle's Distillery.
  5300 | D:6      | Bought 2 potions of heal wounds for 130 gold pieces
  5300 | D:6      | Bought a potion of curing for 39 gold pieces
  5300 | D:6      | Bought a potion of ambrosia for 104 gold pieces
  5300 | D:6      | Bought a potion of ambrosia for 104 gold pieces
  5518 | D:6      | Found an ornate altar of the Wu Jian Council.
  5535 | D:6      | Reached skill level 5 in Long Blades
  5614 | D:6      | Found a shattered altar of Ashenzari.
  5623 | D:6      | Noticed Edmund
  5638 | D:6      | Killed Edmund
  5638 | D:6      | Reached skill level 5 in Invocations
  5788 | D:6      | Found a white marble altar of Elyvilon.
  6076 | D:6      | Noticed Prince Ribbit
  6088 | D:6      | Killed Prince Ribbit
  6088 | D:6      | Reached skill level 5 in Armour
  6088 | D:6      | Reached XP level 9. HP: 39/73 MP: 12/12
  6712 | D:7      | Reached **** piety under Lugonu
  6858 | D:7      | Reached skill level 5 in Fighting
  7313 | D:7      | Found an ornate altar of the Wu Jian Council.
  7495 | D:7      | Found Diesapat's Jewellery Boutique.
  7980 | D:8      | Noticed Gastronok
  7987 | D:8      | Got a transparent plate armour
  8044 | D:7      | Identified the +8 plate armour of Distant Worlds {-Cast
                  | Str+4 Dex+5} (You found it on level 8 of the Dungeon)
  8070 | D:8      | Killed Gastronok
  8070 | D:8      | Reached XP level 10. HP: 65/82 MP: 13/15
  8231 | D:8      | Noticed Harold
  8254 | D:8      | Killed Harold
  8620 | D:8      | Found a shadowy altar of Dithmenos.
  8930 | D:8      | Noticed Psyche
  9154 | D:8      | Killed Psyche
  9154 | D:8      | Reached skill level 1 in Throwing
  9414 | D:9      | Noticed a two-headed ogre
  9555 | D:8      | Killed a two-headed ogre
  9711 | D:8      | Reached XP level 11. HP: 81/89 MP: 16/16
 10321 | D:10     | Entered Level 10 of the Dungeon
 10321 | D:10     | Noticed Sonja
 10321 | D:10     | Noticed a two-headed ogre
 10518 | D:9      | Banished a two-headed ogre
 10984 | D:10     | Banished Sonja
 11221 | D:10     | Reached skill level 5 in Dodging
 11229 | D:10     | Found a staircase to the Orcish Mines.
 11284 | D:10     | Found Eduanuss's Gadget Shop.
 11500 | D:10     | Noticed a two-headed ogre
 11509 | D:10     | Killed a two-headed ogre
 11714 | D:10     | Noticed Snorg
 11767 | D:10     | Killed Snorg
 12061 | D:11     | Killed an unseen horror
 12217 | D:11     | Found a shimmering altar of Xom.
 12585 | D:11     | Reached ***** piety under Lugonu
 12636 | D:11     | Found Qowe's Book Boutique.
 13366 | D:11     | Reached XP level 12. HP: 97/97 MP: 18/18
 13757 | D:11     | Found a staircase to the Lair.
 13819 | Lair:1   | Entered Level 1 of the Lair of Beasts
 14508 | Lair:1   | Reached skill level 10 in Long Blades
 14553 | Lair:1   | Gained mutation: Your body sometimes deteriorates upon
                  | taking damage. [potion of mutation]
 14553 | Lair:1   | Gained mutation: You have a beak for a mouth. [potion of
                  | mutation]
 14553 | Lair:1   | Gained mutation: You have an increased reservoir of magic.
                  | (+10% MP) [potion of mutation]
 14554 | Lair:1   | Lost mutation: You have an increased reservoir of magic.
                  | (+10% MP) [potion of mutation]
 14554 | Lair:1   | Lost mutation: Your body sometimes deteriorates upon taking
                  | damage. [potion of mutation]
 14554 | Lair:1   | Lost mutation: You have a beak for a mouth. [potion of
                  | mutation]
 14554 | Lair:1   | Gained mutation: Your system is resistant to poisons.
                  | (rPois) [potion of mutation]
 14554 | Lair:1   | Gained mutation: Your mind is acute. (Int +2) [potion of
                  | mutation]
 14928 | Lair:2   | Noticed a five-headed hydra
 14930 | Lair:2   | Banished a five-headed hydra
 15710 | Lair:2   | Found a staircase to the Snake Pit.
 15739 | Lair:2   | Noticed an eight-headed hydra
 15747 | Lair:2   | Banished an eight-headed hydra
 16598 | Lair:3   | Noticed a seven-headed hydra
 16604 | Lair:3   | Banished a seven-headed hydra
 17128 | Lair:4   | Found a staircase to the Swamp.
 17324 | Lair:4   | Found a dark tunnel.
 17329 | Volcano  | Entered a volcano
 17378 | Volcano  | Noticed a hell hog
 17379 | Volcano  | Reached XP level 13. HP: 84/107 MP: 20/20
 17399 | Volcano  | HP: 4/107 [fire crab (7)]
 18324 | Lair:4   | Reached skill level 10 in Invocations
 18345 | Abyss:1  | Noticed an eidolon
 18348 | Lair:4   | Escaped the Abyss
 18787 | Lair:3   | Reached skill level 10 in Armour
 21702 | Lair:5   | Got a sapphire long sword
 21703 | Lair:5   | Identified the +9 long sword "Arbiter" {drain, Dex+3
                  | Stlth+} (You found it on level 5 of the Lair of Beasts)
 22111 | Lair:6   | Entered Level 6 of the Lair of Beasts
 22565 | Lair:6   | Reached XP level 14. HP: 114/116 MP: 22/22
 22842 | Lair:6   | Found a viscous altar of Jiyva.
 22842 | Lair:6   | Found a staircase to the Slime Pits.
 24135 | Lair:6   | Found a burning altar of Makhleb.
 24143 | Lair:6   | Found a gateway to Hell.
 24589 | D:12     | Found a transporter.
 24590 | D:12     | Noticed Baz's ghost (journeyman HuAE)
 24591 | D:12     | Noticed a storm dragon
 24721 | D:12     | Found a gate leading to a gauntlet.
 24755 | Gauntlet | Entered a Gauntlet
 24755 | Gauntlet | Found a transporter.
 24755 | Gauntlet | Found a transporter.
 24755 | Gauntlet | Found a transporter.
 24764 | Gauntlet | Found a transporter.
 24774 | Gauntlet | Found a transporter.
 24806 | Gauntlet | Got a fine tin amulet
 24827 | Gauntlet | Found a transporter.
 24828 | Gauntlet | Found a transporter.
 24914 | Gauntlet | Found a transporter.
 25338 | Gauntlet | Got a clouded golden ring
 25378 | Gauntlet | Found a transporter.
 25393 | Gauntlet | Identified the ring of Roskicuj {rF+ Str+3 Slay+3} (You
                  | found it in a Gauntlet)
 25526 | D:12     | Identified the amulet of Ippuraev {Faith rC++} (You found
                  | it in a Gauntlet)
 25593 | D:12     | Found a transporter.
 25623 | D:12     | Banished Baz's ghost
 25826 | D:12     | Killed a storm dragon
 26245 | D:13     | Found a blossoming altar of Fedhas.
 26411 | D:13     | Found a portal to a secret trove of treasure.
 26461 | D:13     | Lost mutation: Your system is resistant to poisons. (rPois)
                  | [potion of mutation]
 26461 | D:13     | Lost mutation: Your mind is acute. (Int +2) [potion of
                  | mutation]
 26461 | D:13     | Gained mutation: You are clumsy. (Dex -2) [potion of
                  | mutation]
 26461 | D:13     | Gained mutation: You are partially covered in icy blue
                  | scales. (AC +2) [potion of mutation]
 26462 | D:13     | Lost mutation: You are clumsy. (Dex -2) [potion of
                  | mutation]
 26462 | D:13     | Lost mutation: You are partially covered in icy blue
                  | scales. (AC +2) [potion of mutation]
 26462 | D:13     | Gained mutation: You do not regenerate when monsters are
                  | visible. [potion of mutation]
 26462 | D:13     | Gained mutation: You tend to lose your temper in combat.
                  | [potion of mutation]
 26462 | D:13     | Gained mutation: You evolve. [potion of mutation]
 26462 | D:13     | Gained mutation: Your spells are a little harder to cast,
                  | but a little more powerful. [potion of mutation]
 26480 | D:14     | Found a gate to the Vaults.
 26480 | D:14     | Noticed Rupert
 26590 | D:13     | Killed Rupert
 26606 | D:13     | Lost mutation: You tend to lose your temper in combat.
                  | [evolution]
 26821 | D:14     | Reached XP level 15. HP: 116/125 MP: 24/24
 26873 | D:14     | Got a smoking hat
 26884 | D:14     | Identified the cursed +0 hat "Aptoi" {rPois rF- Dex+2} (You
                  | found it on level 14 of the Dungeon)
 27099 | D:14     | Noticed Roxanne
 27119 | D:14     | Killed from afar by Roxanne

Levels and vault maps discovered:
D:1:      dpeg_arrival_signposts, layout_loops_ring,
          chequers_serial_rivers_small_a, minmay_misc_feat_nine_boxes
D:2:      wander_river, layout_basic, okawaru_altar_gauntlet_db, first_ration,
          nemelex_diamond_rough_becter
D:3:      layout_basic
D:4:      layout_rooms, grunt_qazlal_clouds, ebering_ghost_rock_garden,
          uniq_menkaure
D:5:      layout_rooms, minmay_temple_entry_drinking_statues, basic_altar
D:6:      layout_loops_ring, serial_shops, nicolae_shop_behind_doors,
          basic_altar, hangedman_feature_mirror, cheibrodos_ashenzari_chains,
          uniq_edmund, uniq_prince_ribbit1
D:7:      layout_basic, lemuel_round_altar, serial_shops,
          nicolae_shop_temple_entry_statues_fountains, grunt_livestock
D:8:      layout_basic, nicolae_overflow_crystal_walls, nemelex_altar_shiori,
          serial_shops, kennysheep_little_box, uniq_harold, uniq_psyche,
          uniq_gastronok
D:9:      minmay_four_partial_circles, layout_basic
D:10:     layout_roguey, orc_david_3, serial_shops, nicolae_shop_waterfront,
          uniq_snorg, uniq_sonja
D:11:     layout_loops_ring, grunt_lair_entry_orc_guard_hut, serial_shops,
          nicolae_shop_behind_doors, minmay_ruined_shrine
D:12:     layout_cave_pools, gammafunk_ghost_arena, gauntlet_entry_generic,
          moated_statue
D:13:     layout_big_octagon, enter_trove_1, fedhas_altar_3
D:14:     layout_roguey, david_vaults_3, minmay_misc_feat_iff, uniq_roxanne,
          uniq_rupert
Lair:1:   layout_chaotic_city
Lair:2:   layout_small_grid, minmay_snake_entry_guardpost_medium,
          grunt_megastairs_1
Lair:3:   layout_hall_layers, chequers_serial_rivers_micro_b
Lair:4:   onia_ninara_swampy_vault, layout_regular_city, swamp_mist_pool,
          nicolae_volcano_entry_s_turn
Lair:5:   layout_regular_city, nicolae_lair_yak_garden
Lair:6:   evil_forest, layout_regular_city, dpeg_slime_entry_enclosed_altar

Skill      XL: |  1  2  3  4  5  6  7  8  9 10 11 12 13 14 |
---------------+-------------------------------------------+-----
Dodging        | 1 2 3 4 5 6 7 8 |  8.1
Axes           | 2 |  2.2
Armour         | 2 3 4 5 6 7 8 9 10 11 | 11.5
Long Blades    | 1 2 3 4 5 7 9 10 11 12 | 12.6
Invocations    | 3 4 5 7 8 9 10 12 | 12.4
Fighting       | 4 5 6 7 8 9 |  9.6
Throwing       | 1 2 |  2.8
Shields        | |  0.4

Action                   |  1- 3 |  4- 6 |  7- 9 | 10-12 | 13-15 || total
-------------------------+-------+-------+-------+-------+-------++-------
Melee: Hand axe          |    82 |       |       |       |       ||    82
       Kick              |    19 |    40 |   109 |   308 |   405 ||   881
       Long sword        |    42 |   127 |   352 |   621 |   715 ||  1857
Throw: Javelin           |       |       |    10 |    20 |    23 ||    53
Invok: Depart the Abyss  |     1 |       |       |       |     1 ||     2
       Banish            |       |       |     3 |     6 |    17 ||    26
       Bend Space        |       |       |       |       |     1 ||     1
       Enter the Abyss   |       |       |       |       |     1 ||     1
  Use: Potion            |     1 |       |     3 |     7 |    13 ||    24
       Scroll            |       |    11 |     3 |    17 |    13 ||    44
 Stab: Petrifying        |       |       |       |       |     1 ||     1
  Eat: Chunk             |     2 |     5 |    13 |    17 |    18 ||    55
       Ration            |       |       |       |     3 |     5 ||     8
Armor: Scale mail        |    95 |    97 |   323 |       |       ||   515
       Plate armour      |       |       |     3 |   614 |   680 ||  1297
Dodge: Dodged            |    63 |    49 |   202 |   246 |   316 ||   876
Block: Buckler           |       |       |       |       |    31 ||    31
       Rpst.: Long sword |     3 |    22 |    60 |    69 |    78 ||   232

Table legend:
 A = Non-vault XP
 B = Vault XP
 C = Vault XP percentage of total XP
 D = Non-vault monster count
 E = Vault monster count
 F = Vault count percentage of total count
                 A         B        C        D         E       F
            +---------+---------+-------+---------+---------+-------
      Total |   52078 |   52404 |  50.2 |     401 |     163 |  28.9
            +---------+---------+-------+---------+---------+-------
        D:1 |      43 |       0 |   0.0 |      27 |       0 |   0.0
        D:2 |      65 |      25 |  27.8 |      13 |       6 |  31.6
        D:3 |     138 |       0 |   0.0 |      29 |       0 |   0.0
        D:4 |     174 |     510 |  74.6 |      19 |       2 |   9.5
        D:5 |     608 |       0 |   0.0 |      16 |       0 |   0.0
        D:6 |    1009 |     568 |  36.0 |      30 |       3 |   9.1
        D:7 |     778 |    1004 |  56.3 |      19 |       5 |  20.8
        D:8 |     544 |    4989 |  90.2 |      13 |       7 |  35.0
        D:9 |    1238 |    1162 |  48.4 |      23 |      12 |  34.3
       D:10 |    1539 |    1821 |  54.2 |      11 |       6 |  35.3
       D:11 |    4363 |    2974 |  40.5 |      28 |      15 |  34.9
       D:12 |    2851 |    4595 |  61.7 |      19 |       8 |  29.6
       D:13 |    1996 |    6744 |  77.2 |      19 |      19 |  50.0
       D:14 |    2313 |     911 |  28.3 |      12 |       1 |   7.7
     Lair:1 |    3398 |       0 |   0.0 |      12 |       0 |   0.0
     Lair:2 |    2982 |    1886 |  38.7 |      13 |      10 |  43.5
     Lair:3 |    4298 |    1533 |  26.3 |      20 |       3 |  13.0
     Lair:4 |    4878 |    4484 |  47.9 |      13 |      13 |  50.0
     Lair:5 |    7937 |     928 |  10.5 |      22 |       1 |   4.3
     Lair:6 |   10926 |    9339 |  46.1 |      43 |      26 |  37.7
    Volcano |       0 |    3234 | 100.0 |       0 |      14 | 100.0
   Gauntlet |       0 |    5697 | 100.0 |       0 |      12 | 100.0
            +---------+---------+-------+---------+---------+-------
